[ PARTIDA AOE2 · #507330779 ]
UnrankedMongoles vs Vikings
Equipo del jugador · VICT
Equipo rival · DERR
[ ANÁLISIS DE REPETICIÓN · EXTRAÍDO DE LA PARTIDA GRABADA ]
Feudal
12:35
Castillos
22:20
Imperial
38:32
| APM promedio | 40.2 |
| APM pico | 76 |
| eAPM promedio | 25.3 |
| Aldeanos / militares | 140 / 419 |
Foco
⚔️ 41.8% · 🌾 58.2%
Scout Cavalry ×243 · Mangudai ×106 · Cavalry Archer ×28 · Trebuchet (Packed) ×15 · Mangonel ×9 · Skirmisher ×7
Feudal
9:49
Castillos
24:01
Imperial
38:26
| APM promedio | 35.3 |
| APM pico | 67 |
| eAPM promedio | 15.4 |
| Aldeanos / militares | 138 / 315 |
Foco
⚔️ 41.9% · 🌾 58.1%
Spearman ×161 · Archer ×131 · Trebuchet (Packed) ×8 · Berserk ×5 · Mangonel ×5 · Monk ×2
Mapa de la partida
Recursos iniciales + cada clic de construcción. Líneas = muros · curvas = relieve. ◆ oro · ⬟ piedra · ● bayas · ✦ reliquia · ◌ hueco del cierre
Tu base· Abierta — hueco de 4t
Base de AngryTomato· ✓ Cerrada en 24:01 · 49t muro · 1 puerta(s)
Terreno inicial suavizado · ◌ = hueco del cierre detectado · pasá el cursor para detalles
Inputs por minuto
— sebas0995932 - - AngryTomato
Build order — sebas0995932
Primeras 150 de 629 acciones detectadas
| 0:01 | Crear | Villager (Male) |
| 0:01 | Crear | Villager (Male) |
| 0:02 | Construir | House |
| 0:04 | Construir | House |
| 0:17 | Crear | Villager (Male) |
| 0:17 | Crear | Villager (Male) |
| 1:28 | Crear | Villager (Male) |
| 1:28 | Crear | Villager (Male) |
| 2:04 | Crear | Villager (Male) |
| 2:04 | Crear | Villager (Male) |
| 2:28 | Crear | Villager (Male) |
| 2:28 | Crear | Villager (Male) |
| 2:39 | Construir | Barracks |
| 2:47 | Crear | Villager (Male) |
| 2:47 | Crear | Villager (Male) |
| 3:06 | Construir | House |
| 3:15 | Crear | Villager (Male) |
| 3:15 | Crear | Villager (Male) |
| 3:45 | Crear | Militia |
| 3:46 | Crear | Militia |
| 3:46 | Crear | Militia |
| 3:52 | Construir | House |
| 4:03 | Crear | Militia |
| 4:03 | Crear | Militia |
| 4:04 | Crear | Militia |
| 4:11 | Crear | Villager (Male) |
| 4:24 | Construir | House |
| 4:44 | Crear | Villager (Male) |
| 4:44 | Crear | Villager (Male) |
| 5:05 | Crear | Villager (Male) |
| 5:06 | Crear | Villager (Male) |
| 5:37 | Construir | Lumber Camp |
| 5:46 | Crear | Villager (Male) |
| 5:57 | Crear | Villager (Male) |
| 5:57 | Crear | Villager (Male) |
| 6:36 | Crear | Villager (Male) |
| 6:43 | Investigar | Loom |
| 7:00 | Construir | Mill |
| 7:09 | Crear | Villager (Male) |
| 7:51 | Construir | Farm |
| 8:07 | Crear | Villager (Male) |
| 8:25 | Crear | Villager (Male) |
| 8:28 | Construir | Farm |
| 8:30 | Construir | Farm |
| 8:59 | Crear | Villager (Male) |
| 9:11 | Crear | Villager (Male) |
| 9:15 | Construir | Farm |
| 9:34 | Construir | Mining Camp |
| 9:39 | Construir | House |
| 9:40 | Construir | House |
| 9:50 | Crear | Villager (Male) |
| 9:56 | Construir | Farm |
| 10:25 | Investigar | Feudal Age |
| 10:26 | Investigar | Feudal Age |
| 10:32 | Construir | Farm |
| 10:42 | Construir | House |
| 10:43 | Construir | Palisade Wall |
| 10:45 | Construir | Palisade Wall |
| 10:45 | Construir | Palisade Wall |
| 10:46 | Construir | Palisade Wall |
| 11:21 | Construir | Farm |
| 12:03 | Crear | Villager (Male) |
| 12:15 | Crear | Villager (Male) |
| 12:35 | Edad | Edad Feudal |
| 12:38 | Construir | Stable |
| 12:49 | Investigar | Double-Bit Axe |
| 12:54 | Construir | Farm |
| 12:56 | Construir | Farm |
| 12:57 | Construir | Farm |
| 13:07 | Investigar | Horse Collar |
| 13:20 | Crear | Villager (Male) |
| 13:23 | Crear | Scout Cavalry |
| 13:23 | Crear | Scout Cavalry |
| 13:23 | Crear | Scout Cavalry |
| 13:26 | Crear | Scout Cavalry |
| 13:40 | Crear | Villager (Male) |
| 13:49 | Construir | Blacksmith |
| 13:50 | Construir | House |
| 13:57 | Crear | Scout Cavalry |
| 14:19 | Crear | Villager (Male) |
| 14:35 | Construir | Market |
| 14:37 | Construir | House |
| 14:46 | Crear | Villager (Male) |
| 14:48 | Construir | Farm |
| 14:49 | Construir | Farm |
| 14:53 | Construir | Farm |
| 15:01 | Investigar | Scale Barding Armor |
| 15:01 | Investigar | Scale Barding Armor |
| 15:09 | Construir | Lumber Camp |
| 15:12 | Construir | House |
| 15:14 | Construir | Palisade Wall |
| 15:18 | Crear | Villager (Male) |
| 15:37 | Construir | Palisade Wall |
| 15:46 | Construir | Palisade Wall |
| 15:55 | Crear | Villager (Male) |
| 15:57 | Construir | House |
| 16:02 | Construir | Farm |
| 16:05 | Construir | Farm |
| 16:22 | Crear | Villager (Male) |
| 16:33 | Construir | Farm |
| 16:37 | Construir | Farm |
| 16:38 | Crear | Villager (Male) |
| 17:14 | Crear | Villager (Male) |
| 17:17 | Construir | Farm |
| 17:19 | Construir | Farm |
| 17:47 | Crear | Villager (Male) |
| 17:52 | Construir | Archery Range |
| 17:53 | Construir | Palisade Wall |
| 18:12 | Investigar | Wheelbarrow |
| 18:49 | Construir | Farm |
| 18:55 | Crear | Skirmisher |
| 18:55 | Crear | Skirmisher |
| 19:05 | Crear | Skirmisher |
| 19:05 | Crear | Skirmisher |
| 19:09 | Construir | House |
| 19:10 | Construir | House |
| 19:19 | Construir | Farm |
| 19:19 | Construir | Farm |
| 19:40 | Investigar | Castle Age |
| 19:40 | Investigar | Castle Age |
| 19:57 | Crear | Skirmisher |
| 20:12 | Crear | Skirmisher |
| 20:17 | Investigar | Gold Mining |
| 20:17 | Investigar | Gold Mining |
| 20:28 | Crear | Skirmisher |
| 20:43 | Construir | Farm |
| 20:47 | Construir | Archery Range |
| 20:55 | Investigar | Fletching |
| 21:02 | Construir | Farm |
| 21:03 | Construir | Farm |
| 21:23 | Investigar | Padded Archer Armor |
| 21:26 | Crear | Villager (Male) |
| 21:29 | Investigar | Town Watch |
| 21:29 | Investigar | Town Watch |
| 22:20 | Edad | Edad de los Castillos |
| 22:22 | Construir | Town Center |
| 22:32 | Investigar | Bodkin Arrow |
| 22:34 | Crear | Cavalry Archer ×5 |
| 22:34 | Crear | Cavalry Archer ×5 |
| 22:34 | Crear | Cavalry Archer ×5 |
| 22:42 | Investigar | Husbandry |
| 22:49 | Crear | Villager (Male) |
| 22:56 | Construir | Siege Workshop |
| 23:06 | Crear | Villager (Male) |
| 23:12 | Construir | Monastery |
| 23:18 | Crear | Villager (Male) |
| 23:23 | Construir | Town Center |
| 23:54 | Crear | Villager (Male) |
| 23:58 | Crear | Archer |
| 23:59 | Crear | Archer |
Build order — AngryTomato
Primeras 150 de 437 acciones detectadas
| 0:00 | Crear | Villager (Male) |
| 0:00 | Crear | Villager (Male) |
| 0:02 | Construir | House |
| 0:03 | Construir | House |
| 0:19 | Crear | Villager (Male) |
| 0:20 | Crear | Villager (Male) |
| 1:25 | Crear | Villager (Male) |
| 2:05 | Crear | Villager (Male) |
| 2:15 | Crear | Villager (Male) |
| 2:20 | Construir | Lumber Camp |
| 2:51 | Crear | Villager (Male) |
| 3:01 | Construir | House |
| 3:19 | Crear | Villager (Male) |
| 3:34 | Crear | Villager (Male) |
| 3:35 | Crear | Villager (Male) |
| 4:04 | Crear | Villager (Male) |
| 4:05 | Crear | Villager (Male) |
| 4:05 | Crear | Villager (Male) |
| 4:37 | Crear | Villager (Male) |
| 4:55 | Construir | Mill |
| 5:44 | Crear | Villager (Male) |
| 6:18 | Investigar | Loom |
| 6:47 | Crear | Villager (Male) |
| 7:09 | Crear | Villager (Male) |
| 7:22 | Crear | Villager (Male) |
| 7:33 | Construir | House |
| 7:38 | Investigar | Feudal Age |
| 9:16 | Construir | Barracks |
| 9:20 | Crear | Villager (Male) |
| 9:33 | Construir | Mill |
| 9:43 | Crear | Villager (Male) |
| 9:49 | Edad | Edad Feudal |
| 9:52 | Construir | House |
| 9:56 | Investigar | Double-Bit Axe |
| 10:00 | Crear | Villager (Male) |
| 10:21 | Crear | Villager (Male) |
| 10:36 | Construir | Palisade Wall |
| 10:49 | Construir | Farm |
| 11:06 | Crear | Militia |
| 11:14 | Construir | Archery Range |
| 11:16 | Crear | Villager (Male) |
| 11:29 | Construir | House |
| 11:31 | Crear | Villager (Male) |
| 11:50 | Construir | House |
| 11:53 | Construir | Farm |
| 12:02 | Construir | Mining Camp |
| 12:26 | Construir | Farm |
| 12:30 | Crear | Skirmisher |
| 12:33 | Crear | Villager (Male) |
| 12:34 | Crear | Villager (Male) |
| 12:38 | Construir | Farm |
| 12:54 | Construir | Palisade Wall |
| 12:58 | Crear | Villager (Male) |
| 13:21 | Crear | Archer |
| 13:23 | Crear | Villager (Male) |
| 13:28 | Construir | Farm |
| 13:35 | Crear | Villager (Male) |
| 13:46 | Crear | Villager (Male) |
| 13:49 | Construir | House |
| 13:53 | Crear | Villager (Male) |
| 13:57 | Crear | Archer |
| 14:08 | Construir | Farm |
| 14:20 | Construir | Farm |
| 14:34 | Crear | Archer |
| 14:34 | Crear | Archer |
| 14:52 | Construir | House |
| 14:59 | Crear | Villager (Male) |
| 15:04 | Construir | Blacksmith |
| 15:06 | Crear | Villager (Male) |
| 15:13 | Crear | Archer |
| 15:36 | Construir | Farm |
| 15:39 | Construir | House |
| 15:54 | Investigar | Fletching |
| 16:00 | Crear | Villager (Male) |
| 16:03 | Construir | Farm |
| 16:05 | Crear | Spearman |
| 16:10 | Crear | Archer |
| 16:19 | Construir | Palisade Wall |
| 16:29 | Crear | Spearman |
| 16:43 | Construir | Palisade Wall |
| 16:47 | Crear | Villager (Male) |
| 16:50 | Construir | Palisade Wall |
| 17:26 | Crear | Spearman |
| 17:50 | Crear | Villager (Male) |
| 17:50 | Crear | Villager (Male) |
| 17:54 | Construir | Lumber Camp |
| 18:06 | Crear | Villager (Male) |
| 18:12 | Construir | Palisade Wall |
| 18:15 | Crear | Spearman |
| 18:16 | Crear | Spearman |
| 18:19 | Crear | Archer |
| 18:19 | Crear | Archer |
| 18:19 | Crear | Archer |
| 18:26 | Construir | Palisade Gate |
| 18:31 | Construir | Palisade Wall |
| 18:43 | Crear | Villager (Male) |
| 18:58 | Construir | House |
| 19:14 | Crear | Villager (Male) |
| 19:14 | Crear | Villager (Male) |
| 19:26 | Construir | Palisade Wall |
| 19:44 | Construir | House |
| 20:06 | Crear | Villager (Male) |
| 20:09 | Construir | House |
| 20:17 | Crear | Archer |
| 20:17 | Crear | Archer |
| 20:17 | Crear | Archer |
| 20:18 | Crear | Archer |
| 20:35 | Crear | Villager (Male) |
| 20:48 | Construir | Archery Range |
| 20:57 | Construir | House |
| 21:12 | Construir | House |
| 21:21 | Investigar | Castle Age |
| 21:25 | Construir | Farm |
| 21:27 | Crear | Archer |
| 21:27 | Crear | Archer |
| 21:37 | Crear | Archer |
| 21:37 | Crear | Archer |
| 21:37 | Crear | Archer |
| 21:57 | Construir | Farm |
| 22:00 | Investigar | Horse Collar |
| 22:08 | Construir | House |
| 22:15 | Crear | Archer |
| 22:15 | Crear | Archer |
| 22:15 | Crear | Archer |
| 22:21 | Construir | House |
| 22:34 | Investigar | Padded Archer Armor |
| 22:45 | Construir | House |
| 23:00 | Crear | Villager (Male) |
| 23:33 | Crear | Archer |
| 23:33 | Crear | Archer |
| 23:43 | Construir | Farm |
| 23:44 | Construir | Farm |
| 24:01 | Edad | Edad de los Castillos |
| 24:04 | Investigar | Crossbowman (upgrade) |
| 24:14 | Construir | Town Center |
| 24:28 | Construir | Siege Workshop |
| 24:30 | Crear | Villager (Male) |
| 24:30 | Crear | Villager (Male) |
| 24:45 | Crear | Archer |
| 24:45 | Crear | Archer |
| 24:55 | Crear | Mangonel |
| 25:13 | Investigar | Bodkin Arrow |
| 25:18 | Construir | Farm |
| 25:19 | Construir | Farm |
| 25:20 | Crear | Villager (Male) |
| 25:30 | Construir | Farm |
| 25:44 | Construir | University |
| 26:00 | Construir | Farm |
| 26:04 | Construir | Farm |
| 26:05 | Construir | Farm |
Cronología de la partida
| 2:39 | sebas0995932 · first_building Barracks |
| 9:16 | AngryTomato · first_building Barracks |
| 9:49 | AngryTomato · age_up feudal |
| 10:36 | AngryTomato · wall_segment Palisade Wall x7 |
| 10:43 | sebas0995932 · wall_segment Palisade Wall x1 |
| 10:45 | sebas0995932 · wall_segment Palisade Wall x1 |
| 10:45 | sebas0995932 · wall_segment Palisade Wall x1 |
| 10:46 | sebas0995932 · wall_segment Palisade Wall x1 |
| 11:14 | AngryTomato · first_building Archery Range |
| 12:35 | sebas0995932 · age_up feudal |
| 12:38 | sebas0995932 · first_building Stable |
| 12:54 | AngryTomato · wall_segment Palisade Wall x3 |
| 15:14 | sebas0995932 · wall_segment Palisade Wall x7 |
| 15:37 | sebas0995932 · wall_segment Palisade Wall x5 |
| 15:46 | sebas0995932 · wall_segment Palisade Wall x6 |
| 16:19 | AngryTomato · wall_segment Palisade Wall x4 |
| 16:43 | AngryTomato · wall_segment Palisade Wall x10 |
| 16:50 | AngryTomato · wall_segment Palisade Wall x1 |
| 17:52 | sebas0995932 · first_building Archery Range |
| 17:53 | sebas0995932 · wall_segment Palisade Wall x1 |
| 18:01 | sebas0995932 · first_market_buy 100 food |
| 18:12 | AngryTomato · wall_segment Palisade Wall x8 |
| 18:31 | AngryTomato · wall_segment Palisade Wall x11 |
| 19:26 | AngryTomato · wall_segment Palisade Wall x6 |
| 19:37 | sebas0995932 · first_market_sell 100 wood |
| 22:20 | sebas0995932 · age_up castle |
| 22:56 | sebas0995932 · first_building Siege Workshop |
| 23:12 | sebas0995932 · first_building Monastery |
| 24:01 | AngryTomato · age_up castle |
| 24:28 | AngryTomato · first_building Siege Workshop |
| 30:29 | AngryTomato · first_building Stable |
| 31:08 | sebas0995932 · first_building Castle |
| 32:19 | AngryTomato · first_building Castle |
| 32:52 | AngryTomato · first_building Monastery |
| 35:46 | AngryTomato · wall_segment Palisade Wall x15 |
| 38:26 | AngryTomato · age_up imperial |
| 38:32 | sebas0995932 · age_up imperial |
| 39:49 | AngryTomato · first_market_buy 100 food |
| 48:39 | AngryTomato · wall_segment Stone Wall x8 |
| 57:26 | AngryTomato · resign |
[ ANÁLISIS IA · 1 CRÉDITO ]
¿Qué pasó realmente en esta partida?
Wolo.gg analiza cada decisión: build order, eco, micro, errores típicos por bracket. Análisis personalizado por WhatsApp o Discord en 30 segundos.
Guía civ
Mongoles
Perfil
Jugador #15924722